 Dungeon Sprint DCSS version 0.32-a0-450-g080537f31e (webtiles) character file.

Game seed: 14896333412192531105

461 adelrune the Placeless Ant (level 7, -7/44 HPs)
             Began as a Formicid Warper on Feb 23, 2024.
             Was a Follower of Vehumet.
             Killed from afar by a wretched star (10 damage)
             ... with a lance of force
             ... in the Dungeon (Sprint V: "Ziggurat Sprint").
             The game lasted 00:02:43 (192 turns).

adelrune the Placeless Ant (Formicid Warper)         Turns: 192, Time: 00:02:43

Health: -7/44      AC: 20    Str: 14    XL:     7   Next: 28%
Magic:  12/12      EV: -7    Int: 12    God:    Vehumet [*.....]
Gold:   0          SH: 25    Dex: 13    Spells: 12/16 levels left

rFire   . . .        z - +16 obsidian axe {drain, demonic, Mesm ^Drain Fly SInv}
rCold   . . .        B - +18 shield of the Gong {Loud rN+ Will+ rCorr EV-5}
rNeg    + . .        A - +5 crystal plate armour
rPois   .            (helmet unavailable)
rElec   .            (no cloak)
rCorr   +            (no gloves)
SInv    +            (no boots)
Will    +....        (no amulet) Stlth
                     (no ring)
HPRegen 0.27/turn    (no ring)
MPRegen 0.13/turn

%: no passive effects
@: flying, mesmerised
A: permanent stasis, dig shafts and tunnels, antennae 3, four strong arms,
[frail 2], [low MP 2], [weak 2], [inability to drink after injury 2]
a: Dig, Renounce Religion


You were in the Dungeon.
You worshipped Vehumet.
Vehumet was aware of your devotion.
You visited 1 branch

Inventory:

Hand Weapons
 a - a +0 hand axe
 z - the +16 obsidian axe (weapon) {drain, demonic, Mesm ^Drain Fly SInv}
   (You found it in the Dungeon)

   Mesm:      Its wielder is mesmerised by any visible foes, and it cannot be
   unequipped while any foes are visible.
   SInv:      It lets you see invisible.
   Fly:       It grants you flight.
   ^Drain:    It drains your maximum health when unequipped.
Missiles
 c - 7 darts of dispersal (quivered)
Armour
 b - a +0 leather armour
 A - a +5 crystal plate armour (worn)
 B - the +18 shield of the Gong (worn) {Loud rN+ Will+ rCorr EV-5}
   (You found it in the Dungeon)

   Loud:      It is deafeningly noisy when blocking attacks.
   EV-5:      It affects your evasion (-5).
   rN+:       It protects you from negative energy.
   Will+:     It increases your willpower.
   rCorr:     It protects you from acid and corrosion.
Jewellery
 p - a ring of flight
 q - a +6 ring of dexterity
 r - a +6 ring of dexterity
 s - a +6 ring of intelligence
 t - a +6 ring of intelligence
 u - a +6 ring of strength
 v - a +6 ring of strength
Wands
 w - a wand of mindburst (7)
 x - a wand of iceblast (7)
 y - a wand of acid (7)
Scrolls
 l - 4 scrolls of amnesia
 m - 7 scrolls of fog
 n - 5 scrolls of identify
 o - 2 scrolls of fear
Potions
 d - 10 potions of curing
 e - 10 potions of heal wounds
 f - 7 potions of magic
 g - 2 potions of brilliance
 h - 2 potions of invisibility
 i - 4 potions of resistance
 k - 5 potions of might


   Skills:
 + Level 4.9 Fighting
 + Level 5.4 Axes
 + Level 1.3 Throwing
 + Level 2.6 Armour
 + Level 3.7 Dodging
 + Level 0.3 Shields
 + Level 5.3 Spellcasting
 + Level 11.8 Translocations


You had 12 spell levels left.
You knew the following spells:

 Your Spells              Type           Power      Damage    Failure   Level
a - Manifold Assault      Tloc           31%        N/A       100%        4

Your spell library contained the following spells:

 Spells                   Type           Power      Damage    Failure   Level
 Foxfire                  Conj/Fire      12%        2x1d4     100%        1
 Lesser Beckoning         Tloc           62%        N/A       100%        2
 Teleport Other           Tloc           31%        N/A       100%        3
 Blink                    Tloc           Unusable   N/A       N/A         2
 Vhi's Electric Charge    Tloc/Air       Unusable   N/A       N/A         4

Dungeon Overview and Level Annotations

Branches:
Dungeon (1/1)

Altars:
Ashenzari
Cheibriados
Dithmenos
Elyvilon
Fedhas
Gozag
Hepliaklqana
Kikubaaqudgha
Makhleb
Nemelex Xobeh
Okawaru
Qazlal
Ru
Sif Muna
Trog
Uskayaw
Vehumet
Wu Jian
Xom
Yredelemnul
Zin
The Shining One
Beogh
Jiyva
Lugonu

Annotations:
D 1 transporter


Innate Abilities, Weirdness & Mutations

You cannot be hasted, slowed, berserked, paralysed or teleported.
You can dig through walls and to a lower floor.
You have a pair of large antennae on your head. (SInv)
Your four strong arms can wield two-handed weapons with a shield.
[You are very frail. (-20% HP)]
[Your magical capacity is very low. (-20% MP)]
[You are very weak. (Str -4)]
[You sometimes lose the ability to drink potions when taking damage.]


Message History

You occasionally lose the ability to drink potions when taking damage.
You lose the ability to drink potions when taking damage more often.
You slash the wretched star!
The wretched star is moderately damaged.
The wretched star glows turbulently.
The lance of force hits you!!
You are knocked back by the lance of force.
You slam into the unnaturally hard rock wall!
The wretched star glows turbulently.
You block the lance of force.
PTOANNNG!
You slice the wretched star!!
The wretched star is heavily damaged.
The wretched star glows turbulently.
The lance of force hits you!
You are knocked back by the lance of force.
You slam into the unnaturally hard rock wall!
* * * LOW HITPOINT WARNING * * *
You barely miss the wretched star.
The wretched star is heavily damaged.
You barely miss the wretched star.
The wretched star is heavily damaged.
You hit the wretched star. You open a gate to Pandemonium!
A demon appears!
It doesn't seem very happy.
The wretched star is heavily damaged.
Visions of slaying the sixfirhy flood into your mind.
The wretched star pulses with an eldritch light!
You feel weaker. x2
You closely miss the wretched star.
The wretched star is heavily damaged.
You miss the sixfirhy. You block the sixfirhy's attack.
BONNNG!
You block the sixfirhy's attack.
GONNNNG!
You block the sixfirhy's attack.
PTOANNNG!
The sixfirhy hits you but does no damage. x2
The wretched star glows turbulently.
The lance of force hits you!
You die...

▓▓▓▓▓▓▓▓▓▓▓▓▓
▓.ß©ß.▓.ß©ß.▓
{{
▓.)==.▓.....▓
{
▓.....▓.!.).▓
▓....3▓.....▓
▓..*@.▓.....▓
▓.....▓..©..▓
▓..©..▓▓▓▓▓▓▓
▓▓▓▓▓▓▓ {{
{{{ { { {


You could see a wretched star and a sixfirhy (summoned, mesmerising).

Vanquished Creatures
  A glass eye (D)
  A jelly (D)
  2 iron imps (D)
4 creatures vanquished.

Notes
Turn   | Place    | Note
-------+----------+-------------------------------------------
     0 | D        | adelrune the Formicid Warper began the quest for the Orb.
     0 | D        | Reached XP level 1. HP: 16/16 MP: 3/3
     0 | D        | Found a shimmering blue altar of Sif Muna.
     0 | D        | Found a bloodstained altar of Trog.
     0 | D        | Found a sacrificial altar of Ru.
     0 | D        | Found a stormy altar of Qazlal.
     0 | D        | Found an iron altar of Okawaru.
     5 | D        | Found a blossoming altar of Fedhas.
     5 | D        | Found the +6 Majin-Bo {spellvamp, MP+6 Int+6}
     5 | D        | Found the +27 heavy crossbow "Sniper" {heavy, Acc+∞ SInv}
     5 | D        | Found the +10 dark maul {heavy}
     5 | D        | Found the +15 Maxwell's patent armour {-Cast -Tele rElec
                  | Will+ rCorr}
     5 | D        | Found the +18 shield of the Gong {Loud rN+ Will+ rCorr
                  | EV-5}
     5 | D        | Found the +16 obsidian axe {drain, demonic, Mesm ^Drain Fly
                  | SInv}
     5 | D        | Found the +7 great mace "Firestarter" {flame, immolate,
                  | rFlCloud rF++}
     5 | D        | Found the +6 shillelagh "Devastator" {shatter}
     5 | D        | Found the +11 plutonium sword {^Contam Stlth-}
     5 | D        | Found the +8 lance "Wyrmbane" {slay drac, rPois rF+ rC+
                  | AC+3}
     5 | D        | Found the +9 sword of Zonguldrok {reap}
     5 | D        | Found the +13 scythe of Curses {drain, curses, ^Drain}
     5 | D        | Found the +9 sword of Power {lifebolt}
     5 | D        | Found the +7 mace of Variability {chaos, chaos arc}
     5 | D        | Found the +11 Singing Sword {sonic wave}
     5 | D        | Found the +8 storm bow {elec, penet}
     7 | D        | Found a sparkling altar of Nemelex Xobeh.
     9 | D        | Found a transporter.
     9 | D        | Found an ancient bone altar of Kikubaaqudgha.
     9 | D        | Found a viscous altar of Jiyva.
     9 | D        | Found a corrupted altar of Lugonu.
     9 | D        | Found a hazy altar of Hepliaklqana.
     9 | D        | Found a burning altar of Makhleb.
     9 | D        | Found an opulent altar of Gozag.
    86 | D        | Became a worshipper of Vehumet
   103 | D        | Entered arena 2.
   103 | D        | Noticed a jelly
   103 | D        | Noticed a glass eye
   103 | D        | Found a transporter.
   105 | D        | Killed a jelly
   106 | D        | Reached skill level 4 in Translocations
   106 | D        | Reached XP level 2. HP: 15/24 MP: 4/6
   106 | D        | Reached XP level 3. HP: 18/29 MP: 4/7
   106 | D        | Killed a glass eye
   107 | D        | Reached skill level 5 in Axes
   107 | D        | Reached skill level 5 in Spellcasting
   107 | D        | Reached skill level 7 in Translocations
   107 | D        | Reached XP level 4. HP: 25/38 MP: 4/11
   107 | D        | Reached XP level 5. HP: 28/43 MP: 4/12
   107 | D        | Reached XP level 6. HP: 33/50 MP: 4/13
   107 | D        | Reached skill level 11 in Translocations
   107 | D        | Reached XP level 7. HP: 36/55 MP: 4/14
   113 | D        | Learned a level 4 spell: Manifold Assault
   175 | D        | Entered arena 3.
   175 | D        | Noticed a wretched star
   175 | D        | Found a transporter.
   178 | D        | Reached * piety under Vehumet
   178 | D        | Offered knowledge of Foxfire by Vehumet.
   187 | D        | HP: 1/44 [unnaturally hard rock wall collision (17)]
   191 | D        | Noticed a sixfirhy
   192 | D        | Killed from afar by a wretched star

Illustrated notes

Levels and vault maps discovered:
D:        sprint_v [room_start, room_1, room_2, room_3, room_4, room_5, room_6,
          room_7, room_8, room_9, room_10, room_11, room_12, room_13, room_14,
          room_15, room_16, room_17, room_18, room_19, room_20, room_21,
          room_22, room_23, room_24, room_25, room_26, room_27]

Skill      XL: |  1  2  3  4  5  6 |
---------------+-------------------+-----
Fighting       | 3 4 |  4.9
Axes           | 3 5 |  5.4
Dodging        | 2 3 |  3.7
Spellcasting   | 3 5 |  5.3
Translocations | 4 7 11 | 11.8
Armour         | 2 |  2.6
Throwing       | |  1.3
Shields        | |  0.3

Action                     |  1- 3 |  4- 6 |  7- 9 || total
---------------------------+-------+-------+-------++-------
  Melee: Broad axe         |     2 |       |    10 ||    12
    Use: Potion            |       |     1 |       ||     1
 Armour: Crystal plate arm |     1 |       |     9 ||    10
  Block: Kite shield       |       |       |    10 ||    10

Table legend: (Time is in decaauts)
 A = Elapsed time spent in this place.
 B = Non-inter-level travel time spent in this place.
 C = Inter-level travel time spent in this place.
 D = Time resting spent in this place.
 E = Time spent auto-exploring this place.
 F = Levels seen in this place.
 G = Mean time per level.
                   A        B        C        D        E       F      G
               +--------+--------+--------+--------+--------+-----+--------+
         Total |    197 |    191 |      6 |     56 |      0 |   1 |  197.0 |
       Dungeon |    197 |    191 |      6 |     56 |      0 |   1 |  197.0 |
               +--------+--------+--------+--------+--------+-----+--------+

Top non-repeatable levels by time:
       D: 197 daAuts
